 Dungeon Crawl Stone Soup version 0.29-a0-887-gcbe080d7e0 (webtiles) character file.

Game seed: 10600342109953812494

53 flotson the Sneak (level 3, -1/29 HPs)
             Began as a Demonspawn Delver on July 22, 2022.
             Slain by a gnoll
             ... wielding a +0 halberd
              (12 damage)
             ... on level 2 of the Dungeon.
             The game lasted 00:03:43 (1985 turns).

flotson the Sneak (Demonspawn Delver)               Turns: 1985, Time: 00:03:44

Health: -1/29      AC:  5    Str: 17    XL:     3   Next: 64%
Magic:  3/3        EV: 12    Int: 17    God:
Gold:   104        SH:  0    Dex: 14    Spells: 2/2 levels left

rFire   . . .      SeeInvis .   a - +2 hand axe of the Hugging Gods {freeze, rN+ Str+3}
rCold   . . .      Faith    .   (no shield)
rNeg    + + .      Spirit   .   h - +0 leather armour
rPois   .          Reflect  .   (no helmet)
rElec   .          Harm     .   (no cloak)
rCorr   .          Rampage  .   (no gloves)
Will    .....                   (no boots)
Stlth   ++........              (no amulet)
HPRegen 0.09/turn               k - ring "Cugat" {+Blink rN+ Int+6}
MPRegen 0.08/turn               (no ring)

@: no status effects
A: thin metallic scales 1
a: Evoke Blink


You were on level 2 of the Dungeon.
You visited 1 branch of the dungeon, and saw 5 of its levels.

You collected 104 gold pieces.

Inventory:

Hand Weapons
 a - the +2 hand axe of the Hugging Gods (weapon) {freeze, rN+ Str+3}
   (You found it on level 2 of the Dungeon)

   It freezes those it strikes, dealing additional cold damage.
   It can also slow down cold-blooded creatures.
   Str:       It affects your strength (+3).
   rN:        It protects you from negative energy.
 b - a +0 trident
Missiles
 f - 3 silver javelins (quivered)
Armour
 h - a +0 leather armour (worn)
Jewellery
 i - a ring of fire
 k - the ring "Cugat" (left hand) {+Blink rN+ Int+6}
   (You found it on level 2 of the Dungeon)

   [ring of intelligence]

   Int:       It affects your intelligence (+6).
   rN:        It protects you from negative energy.
   +Blink:    It lets you blink.
Wands
 g - a wand of digging (3)
Scrolls
 c - a scroll of fog
 d - 2 scrolls of magic mapping
 l - 2 scrolls of identify {unknown}
 m - a scroll of enchant weapon {unknown}
 n - a scroll of amnesia {unknown}
 q - a scroll of teleportation {unknown}
Potions
 j - a potion of curing
 o - a potion of berserk rage {unknown}
 p - 2 potions of ambrosia {unknown}


   Skills:
 + Level 3.2 Fighting
 + Level 1.0(1.5) Axes
 - Level 1.7(2.0) Polearms
 + Level 0.5 Throwing
 + Level 1.1 Armour
 + Level 2.2 Dodging
 - Level 4.5 Stealth
 + Level 1.2 Evocations


You had 2 spell levels left.
You didn't know any spells.
Your spell library was empty.

Dungeon Overview and Level Annotations

Branches:
Dungeon (5/15)
 Temple: D:4-7

Altars:
Gozag

Annotations:
D:4 Eustachio


Innate Abilities, Weirdness & Mutations

You are partially covered in thin metallic scales. (AC +2)


Message History

The ball python closely misses you. The ball python constricts you.
You are too injured to fight recklessly!
You are too injured to fight recklessly!
You are too injured to fight recklessly!
You are too injured to fight recklessly!
You are too injured to fight recklessly!
You are too injured to fight recklessly!
You are too injured to fight recklessly!
You are too injured to fight recklessly!
You escape the ball python's grasp.
Found a stone staircase leading down.
The ball python attacks as you move away!
The ball python bites you.
* * * LOW HITPOINT WARNING * * *
The hobgoblin attacks as you move away! The hobgoblin hits you.
* * * LOW HITPOINT WARNING * * *
Unknown command.
As you read the scroll of fear, it crumbles to dust.
You assume a fearsome visage.
The hobgoblin looks frightened!
The gnoll looks frightened!
The ball python looks frightened!
The hobgoblin pleads, "Please!
I have a lot of children!"
A goblin is nearby!
You hit the goblin. You freeze the goblin.
You kill the goblin!
Things that are here:
a +0 dagger; a goblin corpse A gnoll is nearby!
The gnoll shouts!
A gnoll is nearby!
You completely miss the gnoll. The gnoll barely misses you. x2
You closely miss the gnoll. The gnoll hits you with a +0 halberd.
You hit the gnoll. You freeze the gnoll.
The gnoll is heavily wounded.
The gnoll completely misses you.
You hit the gnoll. You freeze the gnoll.
The gnoll is almost dead.
The gnoll hits you with a +0 halberd!
You barely miss the gnoll.
The gnoll is almost dead.
The gnoll closely misses you. The gnoll hits you with a +0 halberd!
You die...

.. #####...... #..........
#######...# ## ### ### ### ###
####.......... .# #.# #.# #.# #.#
#.#..........#
#.#.#.#.#g#.#.#.#.#.#.#.........#
##.###.###.###.###.###..........#
#.#.#.#.#.#)#.#g#.#.#.#....######
.#.#.#.#.#.#.#.#@#.#.#.[.........
#######################....######
#.....# #. ##########.....# ##.
...............###..
..#............##...
....................
..####..............
#..........###.


You could see a gnoll.

Vanquished Creatures
  An adder (D:3)
  A worm (D:3)
  2 dart slugs
  An orc (D:3)
  2 endoplasms
  3 giant cockroaches (D:1)
  4 goblins
  3 hobgoblins (D:1)
  2 jackals (D:1)
  A quokka (D:1)
  3 ball pythons
  2 bats
  A frilled lizard (D:1)
  4 kobolds
  5 rats
35 creatures vanquished.

Notes
Turn   | Place    | Note
-------+----------+-------------------------------------------
     0 | D:5      | flotson the Demonspawn Delver began the quest for the Orb.
     0 | D:5      | Reached XP level 1. HP: 18/18 MP: 1/1
    24 | D:4      | Noticed Eustachio
    33 | D:3      | Noticed a howler monkey
    66 | D:3      | Gained mutation: You are partially covered in thin metallic
                  | scales. (AC +2) [demonic ancestry]
    66 | D:3      | Reached XP level 2. HP: 14/24 MP: 2/2
   236 | D:3      | Found an opulent altar of Gozag.
   615 | D:2      | Identified the ring "Cugat" {+Blink rN+ Int+6}
   666 | D:2      | Identified the +2 hand axe of the Hugging Gods {freeze, rN+
                  | Str+3}
   737 | D:1      | Reached skill level 1 in Evocations
   742 | D:1      | Reached XP level 3. HP: 24/29 MP: 3/3
   781 | D:1      | Reached skill level 1 in Armour
   835 | D:1      | Reached skill level 1 in Axes
  1142 | D:1      | Found a faded altar of an unknown god.
  1985 | D:2      | Slain by a gnoll

Illustrated notes

Levels and vault maps discovered:
D:1:      scummos_arrival_checkerplants, layout_basic,
          dreamdust_ecumenical_altar_statues, serial_bayou_lagoon_a,
          dk_noncrumbling_3
D:2:      layout_rooms, roderic_roman_lattice, st_stairs_10, uniq_robin
D:3:      layout_loops_ring, general_overflow_altar, minmay_strange_pillars
D:4:      layout_layer_cave, serial_shops, shop, shop, nicolae_square_shop,
          uniq_eustachio
D:5:      minmay_chambers_of_fours, layout_loops_ring, grunt_decor_clamped

Skill      XL: |  1  2  3 |
---------------+----------+-----
Dodging        | 2 |  2.2
Evocations     | 1 |  1.2
Armour         | 1 |  1.1
Axes           | 1 |  1.0
Fighting       | |  3.2
Polearms       | |  1.7
Throwing       | |  0.5
Stealth        | |  4.5

Action                   || total
-------------------------++-------
Melee: Spear             ||    41
       Trident           ||     9
       Hand axe          ||    51
       Punch             ||     1
  Use: Potion            ||     2
       Scroll            ||     1
 Stab: Sleeping          ||     5
Armor: Leather armour    ||    20
Dodge: Dodged            ||    49

Table legend: (Time is in decaauts)
 A = Elapsed time spent in this place.
 B = Non-inter-level travel time spent in this place.
 C = Inter-level travel time spent in this place.
 D = Time resting spent in this place.
 E = Time spent auto-exploring this place.
 F = Levels seen in this place.
 G = Mean time per level.
                   A        B        C        D        E       F      G
               +--------+--------+--------+--------+--------+-----+--------+
         Total |   1981 |   1944 |     37 |      0 |   1550 |   5 |  396.2 |
       Dungeon |   1981 |   1944 |     37 |      0 |   1550 |   5 |  396.2 |
               +--------+--------+--------+--------+--------+-----+--------+

Top non-repeatable levels by time:
     D:1: 951 daAuts
     D:2: 504 daAuts
     D:3: 494 daAuts
     D:4: 18 daAuts
     D:5: 12 daAuts
